 Dungeon Crawl Stone Soup version 0.30-a0-533-g4794bfbd1c (webtiles) character file.

Game seed: 11627229578283654312

208892 kae the Stormcaller (level 18, -15/120 HPs)
             Began as a Demonspawn Transmuter on Dec 24, 2022.
             Was an Elder of Ru.
             Killed from afar by an ice dragon (40 damage)
             ... with a blast of cold
             ... on level 4 of the Swamp.
             The game lasted 00:51:32 (34720 turns).

kae the Stormcaller (Demonspawn Transmuter)        Turns: 34720, Time: 00:51:33

Health: -15/120    AC: 25    Str: 12    XL:     18   Next: 14%
Magic:  0/34       EV: 28    Int: 18    God:    Ru [****..]
Gold:   3619       SH:  0    Dex: 17    Spells: 4/41 levels left

rFire   . . .      SeeInvis .      - Unarmed
rCold   . . .      Faith    .    (shield currently unavailable)
rNeg    . . .      Spirit   +    (body armour currently unavailable)
rPois   ∞          Reflect  .    (helmet currently unavailable)
rElec   +          Harm     .    (cloak currently unavailable)
rCorr   .          Rampage  .    (gloves currently unavailable)
Will    ++...      Rage     3%   (boots currently unavailable)
Stlth   ++++                     g - amulet of regeneration
HPRegen 1.20/turn                o - +4 ring of protection
MPRegen 0.48/turn                C - +4 ring of protection

@: agile, storm-form, flying, unable to drink
A: cleaving, insubstantial, flying, (claws 2), thin skeletal structure 2,
powered by pain 3, torment resistance 1, magic shield, magic regeneration, no
potion heal 1, inability to drink after injury 2, inability to train armour, no
fire magic, no hexes magic, no summoning magic, demonic willpower, (talons 1),
berserk 1, clumsy 1, frail 1, weak 1, wild magic 1
}: 1/15 runes: serpentine
a: Blinkbolt, End Transformation, Renounce Religion, Sacrifice Experience,
Sacrifice Purity, Sacrifice Artifice, Reject Sacrifices, Draw Out Power, Power
Leap


You were on level 4 of the Swamp.
You worshipped Ru.
Ru was greatly pleased with you.
You were a lightning-filled tempest!
You visited 6 branches of the dungeon, and saw 31 of its levels.
You visited 1 bazaar.
You also visited: Ice Cave.

You collected 4100 gold pieces.
You spent 481 gold pieces at shops.


Innate Abilities, Weirdness & Mutations

You are a lightning-filled tempest!
Your electrical attacks strike out in all directions at once.
You are incredibly evasive.
Your insubstantial body is immune to petrification, constriction, and being set on fire You are flying.
You are immune to poison.
Your armour is entirely melded.
You are incapable of wielding weapons or throwing items.
((You have very sharp fingernails.))
You have a moderately thin skeletal structure. (Dex +4, Stealth++)
You are powered by pain.
You are resistant to unholy torment.
When hurt, damage is shared between your health and your magic reserves.
You regenerate magic rapidly.
Potions are less effective at restoring your health.
You sometimes lose the ability to drink potions when taking damage.
You cannot train Armour skill.
You cannot study or cast Fire magic.
You cannot study or cast Hexes magic.
You cannot study or cast Summoning magic.
You punish those that try to bend your will. (Will+)
((You have sharp toenails.))
You sometimes lose your temper in combat.
You are clumsy. (Dex -2)
You are frail. (-10% HP)
You are weak. (Str -2)
Your spells are a little harder to cast, but a little more powerful.


   Skills:
 - Level 10.1 Fighting
 - Level 8.0 Dodging
 - Level 10.0 Unarmed Combat
 - Level 12.0 Spellcasting
 + Level 16.5 Transmutations
 - Level 7.3 Ice Magic
 - Level 17.0 Air Magic
 - Level 2.0 Poison Magic


You had 4 spell levels left.
You knew the following spells:

 Your Spells              Type           Power      Damage    Failure   Level
a - Dragon Form           Tmut           37%        N/A       10%         7
b - Wereblood             Tmut           74%        N/A       1%          2
c - Storm Form            Tmut/Air       37%        N/A       9%          7
d - Statue Form           Tmut/Erth      34%        N/A       41%         6
e - Blink                 Tloc           28%        N/A       14%         2
f - Swiftness             Air            76%        N/A       1%          3
g - Passwall              Tmut/Erth      42%        N/A       1%          2
h - Beastly Appendage     Tmut           100%       N/A       1%          1
i - Spider Form           Tmut/Pois      55%        N/A       1%          3
j - Ice Form              Ice/Tmut       63%        N/A       1%          4

Your spell library contained the following spells:

 Spells                   Type           Power      Damage    Failure   Level
 Freeze                   Ice            100%       1d10      1%          1
 Shock                    Conj/Air       100%       1d9       1%          1
 Airstrike                Air            38%        2d(6-22)  1%          4
 Ozocubu's Armour         Ice            48%        N/A       2%          3
 Apportation              Tloc           28%        N/A       10%         1
 Necrotise                Necr           56%        1d6       10%         1
 Momentum Strike          Conj/Tloc      28%        3d8       14%         2
 Lesser Beckoning         Tloc           28%        N/A       26%         3
 Iskenderun's Mystic Bla  Conj/Tloc      14%        2d5       63%         4
 Passage of Golubria      Tloc           14%        N/A       63%         4
 Alistair's Intoxication  Tmut/Pois      36%        N/A       7%          5
 Freezing Cloud           Conj/Ice/Air   25%        6-21      10%         5
 Eringya's Noxious Bog    Tmut/Pois      27%        N/A       30%         6
 Conjure Ball Lightning   Conj/Air       26%        3x3d8     38%         6
 Maxwell's Capacitive Co  Air            38%        ∞         45%         8
 Borgnjor's Vile Clutch   Necr/Erth      7%         N/A       91%         5
 Iskenderun's Battlesphe  Conj           14%        2d7       91%         5
 Lee's Rapid Deconstruct  Erth           7%         3d6*      91%         5
 Simulacrum               Ice/Necr       15%        N/A       95%         6
 Iron Shot                Conj/Erth      7%         9d2       100%        6
 Orb of Destruction       Conj           7%         9d6       100%        7
 Polar Vortex             Ice            24%        N/A       100%        9
 Ignite Poison            Fire/Tmut/Pois Unusable   N/A       N/A         3
 Kindle Blastsparks       Fire/Tloc/Air  Unusable   2d16      N/A         3
 Summon Lightning Spire   Summ/Air       Unusable   N/A       N/A         4
 Ensorcelled Hibernation  Hex/Ice        Unusable   N/A       N/A         2
 Summon Small Mammal      Summ           Unusable   N/A       N/A         1
 Summon Ice Beast         Ice/Summ       Unusable   N/A       N/A         4
 Inner Flame              Hex/Fire       Unusable   N/A       N/A         3
 Tukima's Dance           Hex            Unusable   N/A       N/A         3
 Cause Fear               Hex            Unusable   N/A       N/A         4
 Fulminant Prism          Conj/Hex       Unusable   3d6       N/A         4
 Leda's Liquefaction      Hex/Erth       Unusable   N/A       N/A         4
 Yara's Violent Unravell  Hex/Tmut       Unusable   3d11      N/A         5
 Metabolic Englaciation   Hex/Ice        Unusable   N/A       N/A         5
 Fireball                 Conj/Fire      Unusable   3d5       N/A         5
 Malign Gateway           Summ/Tloc      Unusable   N/A       N/A         7
 Spellforged Servitor     Conj/Summ      Unusable   N/A       N/A         7
 Discord                  Hex            Unusable   N/A       N/A         8
 Summon Horrible Things   Summ           Unusable   N/A       N/A         8
 Dragon's Call            Summ           Unusable   N/A       N/A         9

Inventory:

Missiles
 p - 29 stones
 T - a throwing net {=f!f}
Armour
 a - a +0 pair of boots of stealth (melded)
   (You acquired it on level 3 of the Swamp)
 m - the +1 robe "Ketsi" (melded) {+Inv}
   (You found it on level 4 of the Snake Pit)

   +Inv:      It lets you turn invisible.
 q - the +2 pair of gloves "Forgh" (melded) {rCorr Int+3}
   (You found it on level 4 of the Dungeon)

   Int:       It affects your intelligence (+3).
   rCorr:     It protects you from acid and corrosion.
 Y - the +1 pair of boots "Qeujupt" {Int+5}
   (You found it on level 2 of the Lair of Beasts)

   Int:       It affects your intelligence (+5).
Magical Staves
 V - a staff of air (melded) {!a}
   (You found it in an ice cave)
Jewellery
 g - an amulet of regeneration (around neck)
   (You found it on level 8 of the Dungeon)
 o - a +4 ring of protection (left fist)
   (You found it on level 10 of the Dungeon)
 y - an amulet of reflection
   (You found it on level 5 of the Dungeon)
 C - a +4 ring of protection (right fist)
   (You found it on level 11 of the Dungeon)
 D - a +4 ring of protection
   (You took it off a naga on level 3 of the Snake Pit)
 F - a ring of fire
   (You found it on level 4 of the Lair of Beasts)
 O - a +4 ring of protection
   (You found it on level 1 of the Dungeon)
 P - a ring of poison resistance
   (You found it in an ice cave)
 R - a ring of resist corrosion
   (You found it on level 1 of the Lair of Beasts)
 W - a ring of magical power
   (You found it on level 14 of the Dungeon)
Wands
 e - a wand of iceblast (44)
   (You found it on level 13 of the Dungeon)
 k - a wand of paralysis (35) (quivered)
   (You found it on level 4 of the Dungeon)
 x - a wand of mindburst (30)
   (You took it off Pikel on level 7 of the Dungeon)
 G - a wand of polymorph (7)
   (You found it on level 13 of the Dungeon)
 Q - a wand of digging (12)
   (You found it on level 5 of the Lair of Beasts)
 X - a wand of flame (34)
   (You found it on level 12 of the Dungeon)
Scrolls
 d - 5 scrolls of torment {!r}
 l - 4 scrolls of enchant weapon
 n - 4 scrolls of vulnerability {!r!r}
 s - 2 scrolls of magic mapping {!r}
 t - 4 scrolls of fog
 u - 7 scrolls of enchant armour
 w - 6 scrolls of teleportation {@r4}
 z - a scroll of summoning {unknown}
 A - 3 scrolls of blinking {!r}
 H - 20 scrolls of identify {@r1}
 K - 2 scrolls of silence {!r}
 L - 4 scrolls of amnesia
 S - a scroll of immolation {!r!r}
 U - 3 scrolls of fear
 Z - a scroll of poison {!r}
Potions
 b - 5 potions of lignification {!q}
 c - a potion of mutation {!q}
 f - 2 potions of brilliance
 h - 4 potions of resistance
 i - 6 potions of curing {@q1}
 j - 3 potions of attraction {!q}
 r - 13 potions of ambrosia
 v - a potion of invisibility
 B - 4 potions of haste {@q3}
 E - 8 potions of flight
 J - a potion of berserk rage {!q}
 M - a potion of magic
 N - 5 potions of heal wounds {@q2}
Miscellaneous
 I - a tin of tremorstones (2/2)
   (You found it on level 10 of the Dungeon)

Dungeon Overview and Level Annotations

Branches:
Dungeon (15/15) Zot: 25633  Temple (1/1) D:7 Zot: 5937    Lair (5/5) D:10 Zot: 23013
  Swamp (4/4) Lair:3 Zot: 21557   Snake (4/4) Lair:3 Zot: 18785   Slime (0/5) Lair:5
    Orc (2/2) D:10 Zot: 10325     Elf (0/3) Orc:2        Vaults (0/5) D:13
 Depths (0/4) D:15          IceCv (visited)

Altars:
Ashenzari
Cheibriados
Dithmenos
Fedhas
Gozag
Hepliaklqana
Kikubaaqudgha
Makhleb
Nemelex Xobeh
Okawaru
Qazlal
Ru
Sif Muna
Trog
Uskayaw
Vehumet
Wu Jian
Xom
Yredelemnul

Shops:
D:8 !   D:9 *   D:10 ?   D:15 =   Orc:1 =!?   Orc:2 :[?[   Snake:2 =::

Annotations:
D:3 3 runed translucent doors, gabibbone's ghost, amateur DEHs
D:8 3 runed translucent doors
D:11 exclusion: orange crystal statue
Lair:3 exclusion: boulder beetle
Snake:1 3 runed translucent doors, Ciageutz's ghost, journeyman GnHW
Snake:2 exclusion: 2 naga sharpshooters

♣♣♣♣♣♣ ♣♣♣≈≈≈≈♣♣♣♣♣♣♣♣ ♣♣
♣♣≈≈≈≈≈≈≈♣♣~.♣.♣♣§♣♣
♣♣≈≈≈≈≈.≈≈♣♣[♣.~~..~♣
♣♣≈≈≈≈..~..≈.~§.....♣
♣≈≈≈≈......~/....~~♣♣
♣≈≈..†~~~...)..♣(..~.)[
♣≈≈...DDv..~~.♣..~..♣~
♣♣♣♣♣♣♣♣....~~~§~~~...♣♣♣
♣≈≈♣♣ ♣♣.♣~†~~~.~.....♣
♣≈≈≈♣♣♣.♣♣♣♣...~~~....♣♣♣
♣≈≈≈♣.♣♣ ♣.~.§~♣....♣♣.♣♣
♣♣≈≈..♣♣ ♣♣~...♣♣~.~....♣
♣≈≈..♣♣ ♣♣..~.♣......♣
♣♣..♣♣ ♣♣~..♣♣.~.~.♣
#≈.≈≈♣♣ ♣..~.......~


You could see 2 ice dragons.


Message History

You completely miss the four-headed hydra simulacrum.
The spriggan druid is no longer blind.
The four-headed hydra simulacrum bites you but does no damage. x2
The four-headed hydra simulacrum completely misses you. x2 😮 HP[-18] MP[+3]
You take 18 damage, and now have 88/120 hp.
Your mp is fully restored (34).
You buffet the spriggan druid!
Lightning courses through the spriggan druid!
With its final breath, the spriggan druid offers up its power to the beasts of the wild!
The six-headed hydra simulacrum seems to grow more fierce.
The four-headed hydra simulacrum seems to grow more fierce.
You kill the spriggan druid!
You barely miss the eleionoma.
You batter the four-headed hydra simulacrum!!
Lightning courses through the four-headed hydra simulacrum!
The eleionoma hits you.
You blast the eleionoma!!!
You buffet the six-headed hydra simulacrum!
Lightning courses through the six-headed hydra simulacrum!
The eleionoma misses you. 😮 HP[-2] MP[-1]
You take 2 damage, and now have 86/120 hp.
You lost 1 mp, and now have 33/34 mp.
You blast the six-headed hydra simulacrum!!!
You batter the eleionoma!!
The eleionoma begins to attack, but is stunned by your conviction!
You buffet the eleionoma!
An ice dragon comes into view. 😮 HP[+2] MP[+1]
You regained 2 hp, and now have 88/120 hp.
Your mp is fully restored (34).
You batter the eleionoma!!
You kill the eleionoma!
An eleionoma bone magically twists into a short gold wand.
The sentinel's mark upon you fades away. 😮 HP[+2]
You regained 2 hp, and now have 90/120 hp.
An ice dragon comes into view.
You redirect the ice dragon's attack!
The ice dragon breathes frost at you. The blast of cold hits you!!
You focus on the pain.
You feel your power returning.
You are too injured to fight recklessly! 😮 HP[-15]
You take 15 damage, and now have 75/120 hp.
You are too injured to fight recklessly!
You are too injured to fight recklessly!
You are too injured to fight recklessly!
You are too injured to fight recklessly!
You are too injured to fight recklessly!
You are too injured to fight recklessly!
Casting: Storm Form (dangerous; 9% risk of failure)
Confirm with . or Enter, or press ? or * to list all spells.
Your transformation has ended.
Your staff of air {!a} unmelds from your body.
The +2 pair of gloves "Forgh" {rCorr Int+3} unmelds from your body.
Your +0 pair of boots of stealth unmelds from your body.
The +1 robe "Ketsi" {+Inv} unmelds from your body.
You feel stealthy.
You fly out of the water as you turn into a fearsome dragon!
Your staff of air {!a} melds into your body.
The +2 pair of gloves "Forgh" {rCorr Int+3} melds into your body.
Your +0 pair of boots of stealth melds into your body.
The +1 robe "Ketsi" {+Inv} melds into your body.
You feel less stealthy.
You are engulfed in freezing vapours.
You feel threatened and lose the ability to drink potions!
* * * LOW HITPOINT WARNING * * *
You focus on the pain.
You feel agile all of a sudden. The ice dragon breathes frost at you.
The blast of cold hits you!!!
You feel a terrible chill!
* * * LOW HITPOINT WARNING * * *
You focus on the pain.
You feel more agile all of a sudden.
You are engulfed in freezing vapours.
* * * LOW HITPOINT WARNING * * *
😱 HP[-41] MP[-26]
You now have 180 max hp (+60).
You lost 26 mp, and now have 8/34 mp.
Casting: Dragon Form (dangerous; 10% risk of failure)
Confirm with . or Enter, or press ? or * to list all spells.
Your transformation has ended.
Your staff of air {!a} unmelds from your body.
The +2 pair of gloves "Forgh" {rCorr Int+3} unmelds from your body.
Your +0 pair of boots of stealth unmelds from your body.
The +1 robe "Ketsi" {+Inv} unmelds from your body.
You feel stealthy.
You fly out of the water as you turn into a lightning-filled tempest!
Your staff of air {!a} melds into your body.
The +2 pair of gloves "Forgh" {rCorr Int+3} melds into your body.
Your +0 pair of boots of stealth melds into your body.
The +1 robe "Ketsi" {+Inv} melds into your body.
You feel less stealthy. The ice dragon completely misses you.
The ice dragon claws you but does no damage.
The ice dragon tramples you but does no damage.
The ice dragon breathes frost at you.
The blast of cold hits the ice dragon.
The ice dragon resists.
The blast of cold hits you!!!
You die...

Skill      XL: |  1  2  3  4  5  6  7  8  9 10 11 12 13 14 15 16 17 |
---------------+----------------------------------------------------+-----
Transmutations | 2 3 4 5 7 8 10 13 15 16 | 16.5
Unarmed Combat | 3 4 5 6 7 10 | 10.0
Poison Magic   | 1 2 |  2.0
Spellcasting   | 3 4 5 7 9 11 12 | 12.0
Ice Magic      | 2 3 5 6 7 |  7.3
Fighting       | 6 10 | 10.1
Dodging        | 7 8 |  8.0
Air Magic      | 5 9 14 17 | 17.0

Action                   |  1- 3 |  4- 6 |  7- 9 | 10-12 | 13-15 | 16-18 || total
-------------------------+-------+-------+-------+-------+-------+-------++-------
Melee: Unarmed           |    67 |   169 |   240 |   639 |   937 |   683 ||  2735
       Kick              |    15 |    26 |       |       |       |       ||    41
       Headbutt          |     8 |    11 |       |       |       |       ||    19
       Punch             |       |     3 |       |     2 |    29 |    52 ||    86
       Tailslap          |       |       |       |       |    62 |    30 ||    92
       Bite              |       |       |       |       |    47 |    27 ||    74
 Cast: Beastly Appendage |    18 |    24 |     2 |     2 |       |       ||    46
       Spider Form       |     1 |     6 |    10 |     1 |       |       ||    18
       Wereblood         |       |     2 |     3 |    17 |    20 |    15 ||    57
       Ice Form          |       |     1 |    18 |    63 |    51 |       ||   133
       Passwall          |       |       |       |     1 |       |       ||     1
       Dragon Form       |       |       |       |       |    48 |    19 ||    67
       Storm Form        |       |       |       |       |       |    39 ||    39
Invok: Sacrifice Drink   |       |       |       |     1 |       |       ||     1
       Sacrifice Purity  |       |       |       |     1 |       |       ||     1
       Reject Sacrifices |       |       |       |       |     1 |       ||     1
       Draw Out Power    |       |       |       |       |     2 |       ||     2
       Sacrifice Durabil |       |       |       |       |     1 |       ||     1
       Sacrifice Arcana  |       |       |       |       |       |     1 ||     1
 Abil: End Transformatio |       |       |     1 |       |     2 |     1 ||     4
       Breathe Fire      |       |       |       |       |     4 |       ||     4
       Blinkbolt         |       |       |       |       |       |     1 ||     1
Evoke: Wand              |       |       |     1 |     2 |       |       ||     3
  Use: Scroll            |       |    13 |     4 |    11 |     8 |     7 ||    43
       Potion            |       |       |     2 |     7 |     3 |     3 ||    15
 Stab: Sleeping          |       |     4 |       |     4 |     9 |     2 ||    19
       Distracted        |       |       |       |       |     2 |     4 ||     6
       Invisible         |       |       |       |       |     1 |     4 ||     5
       Petrified         |       |       |       |       |     2 |       ||     2
Armor: Robe              |     6 |    26 |     9 |     2 |    19 |     1 ||    63
       Skin              |       |    10 |   127 |   334 |   516 |   235 ||  1222
Dodge: Dodged            |    40 |   135 |   137 |   369 |   741 |   622 ||  2044

Levels and vault maps discovered:
D:1:      lightli_arrival_statue_moat, layout_rooms, chequers_avenue
D:2:      layout_basic, basic_altar, chequers_ecumenical_altar_simple_redux
D:3:      layout_loops_cross, mainiacjoe_overflow_brackets,
          gammafunk_ghost_necromancy
D:4:      wad_crossroads, layout_basic, serial_bayou_ford_a, minmay_distorted
D:5:      layout_basic, nzn_hepliaklqana_mist_gate
D:6:      layout_basic
D:7:      layout_layer_cave, minmay_temple_entry_from_below_a, grunt_livestock,
          uniq_pikel, uniq_joseph
D:8:      minmay_the_grid_triangle_9x9_rhombus_full
          [minmay_the_grid_triangle_9x9_from_above,
          minmay_the_grid_triangle_9x9_fully_insulated_deathbox,
          minmay_the_grid_triangle_9x9_cache,
          minmay_the_grid_triangle_9x9_skeleton,
          minmay_the_grid_triangle_9x9_swiss_cheese,
          minmay_the_grid_triangle_9x9_longest,
          minmay_the_grid_triangle_9x9_limited_checkers,
          minmay_the_grid_triangle_9x9_prize_center], layout_gridville,
          grunt_dithmenos_shadows, chequers_mini_garden, roderic_lattice_a,
          nicolae_wooded_promenade, uniq_prince_ribbit1
D:9:      layout_roguey [special_room_orc], serial_shops,
          nicolae_shop_hallway_stairs
D:10:     layout_stronghold, erik_lair_island, orc_0_dummy, serial_shops,
          shop_scrolls, nicolae_fountain_basement
D:11:     layout_cave_pods, minivault_16, dreamdust_princess_bridge,
          columned_hall_lemuel
D:12:     layout_irregular_city, portal_ice_cave_rime
D:13:     layout_stronghold, david_vaults_1, tgw_trog, uniq_frances
D:14:     layout_basic, grunt_gozag_breadcrumbs
D:15:     gammafunk_enter_depths_forms, layout_irregular_city,
          hangedman_glass_teeth, serial_shops,
          nicolae_shop_competitors_out_of_business
Temple:   hellmonk_temple_of_storms
Lair:1:   layout_concentric_octagons, uniq_sonja
Lair:2:   layout_roguey [special_room_bee], grunt_forest_small_clearing_treed,
          serial_bayou_shore_b, infiniplex_staircase_pool, serial_bayou_shore_b
Lair:3:   layout_loops_ring, skrybe_swamp_entry_bodies,
          guppyfry_snake_entry_garden, nzn_masters_of_martial_movement,
          uniq_urug, uniq_josephine
Lair:4:   layout_loops_ring, lemuel_fruit_fields, grunt_megastairs_1
Lair:5:   evilmike_catoblepas_cave, layout_long_grid,
          minmay_slime_entry_oklob_enclosed, st_stairs_8, lemuel_fruit_fields,
          uniq_nessos
Swamp:1:  layout_basic_swamp, evilmike_swamp_ruin_house_6, swamp_pool3
Swamp:2:  layout_falls_marsh, serial_swamp_ruin, hangedman_swamp_ruin_wall,
          evilmike_swamp_ruin_house_4, evilmike_swamp_ruin_house_5, uniq_jorgrun
Swamp:3:  layout_basic_swamp, evilmike_swamp_ruin_house_2, swamp_pool1,
          hangedman_swamp_dais
Swamp:4:  swamp_icy, layout_basic_swamp
Snake:1:  layout_grid_shapes, gammafunk_ghost_split, serial_shops,
          bzr_entry_lakeside, serial_bayou_crossing
Snake:2:  layout_chambers, nicolae_snake_biting_tails, grunt_megastairs_5,
          lemuel_fruit_tree, minmay_shop_grove, uniq_aizul, uniq_louise,
          uniq_azrael, uniq_vashnia
Snake:3:  nicolae_aizul_guard, layout_misc_corridors, basic_altar,
          grunt_ministairs_4, nicolae_snake_bzzzt, serial_bayou_shore_a,
          grunt_megastairs_4
Snake:4:  hellmonk_snake_rune_quicksilver_temple, layout_rooms, uniq_mara
Orc:1:    layout_caves, serial_shops, nicolae_square_shop,
          nicolae_shop_window_shopping, nicolae_square_shop,
          guppyfry_library_mini
Orc:2:    st_orc_ogre_mass, layout_caves, basic_altar

Notes
Turn   | Place    | Note
-------+----------+-------------------------------------------
     0 | D:1      | kae the Demonspawn Transmuter began the quest for the Orb.
     0 | D:1      | Reached XP level 1. HP: 15/15 MP: 3/3
     0 | D:1      | magus.rc [v1.11.3]
    42 | D:1      | You pick up a book of Spatial Translocations and begin
                  | reading...
    42 | D:1      | You add the spells Blink, Momentum Strike and Lesser
                  | Beckoning to your library.
    80 | D:1      | Reached skill level 2 in Transmutations
   177 | D:1      | Gained mutation: You regenerate magic rapidly. [demonic
                  | ancestry]
   177 | D:1      | Reached XP level 2. HP: 21/21 MP: 3/5
   564 | D:1      | Reached skill level 3 in Unarmed Combat
   568 | D:1      | Gained mutation: You sometimes gain a little power by
                  | taking damage. [demonic ancestry]
   568 | D:1      | Reached XP level 3. HP: 24/26 MP: 6/6
   576 | D:1      | Learned a level 2 spell: Wereblood
   580 | D:1      | Learned a level 3 spell: Spider Form
   842 | D:2      | Reached XP level 4. HP: 32/32 MP: 5/7
   922 | D:2      | Reached skill level 3 in Transmutations
   984 | D:2      | Found a snail-covered altar of Cheibriados.
  1169 | D:2      | Found a faded altar of an unknown god.
  1331 | D:3      | Reached skill level 1 in Poison Magic
  1383 | D:3      | You add the spells Tukima's Dance, Passage of Golubria and
                  | Yara's Violent Unravelling to your library.
  1538 | D:3      | Found a runed translucent gate.
  1538 | D:3      | Found a runed translucent gate.
  1538 | D:3      | Found a runed translucent gate.
  1574 | D:3      | Found a bloodstained altar of Trog.
  1987 | D:3      | Noticed gabibbone's ghost (amateur DEHs)
  2049 | D:4      | Noticed an ogre
  2062 | D:4      | Killed an ogre
  2063 | D:4      | Reached skill level 3 in Spellcasting
  2063 | D:4      | Gained mutation: You have sharp fingernails. [demonic
                  | ancestry]
  2063 | D:4      | Reached XP level 5. HP: 35/37 MP: 7/9
  2068 | D:4      | Noticed an ogre
  2082 | D:4      | Killed an ogre
  2083 | D:4      | Reached skill level 4 in Transmutations
  2083 | D:4      | Reached skill level 2 in Poison Magic
  2083 | D:4      | Gained mutation: You have very sharp fingernails. [demonic
                  | ancestry]
  2083 | D:4      | Reached XP level 6. HP: 33/43 MP: 5/10
  2095 | D:4      | Learned a level 4 spell: Ice Form
  2254 | D:4      | You pick up a book of Burglary and begin reading...
  2254 | D:4      | You add the spells Passwall, Ensorcelled Hibernation and
                  | Swiftness to your library.
  2293 | D:4      | Identified the +2 pair of gloves "Forgh" {rCorr Int+3}
  2357 | D:4      | You pick up a book of the Dragon and begin reading...
  2357 | D:4      | You add the spells Cause Fear, Dragon Form and Dragon's
                  | Call to your library.
  2479 | D:4      | Reached skill level 1 in Ice Magic
  2831 | D:4      | You pick up a book of Cantrips and begin reading...
  2831 | D:4      | You add the spells Necrotise, Summon Small Mammal and
                  | Apportation to your library.
  3047 | D:5      | Entered Level 5 of the Dungeon
  3105 | D:5      | Noticed a water moccasin
  3115 | D:5      | Killed a water moccasin
  3194 | D:5      | Noticed an ice beast
  3207 | D:5      | Killed an ice beast
  3208 | D:5      | Reached skill level 4 in Unarmed Combat
  3208 | D:5      | Reached skill level 2 in Ice Magic
  3208 | D:5      | Reached XP level 7. HP: 48/48 MP: 7/12
  3593 | D:5      | You pick up a book of Changes and begin reading...
  3634 | D:5      | Found a hazy altar of Hepliaklqana.
  3826 | D:6      | Reached skill level 5 in Transmutations
  4046 | D:6      | Reached skill level 4 in Spellcasting
  4046 | D:6      | Reached skill level 3 in Ice Magic
  4268 | D:6      | Gained mutation: You sometimes gain power by taking damage.
                  | [demonic ancestry]
  4268 | D:6      | Reached XP level 8. HP: 54/54 MP: 11/14
  4632 | D:6      | HP: 13/54 [something (6)]
  4795 | D:6      | Killed an unseen horror
  4796 | D:6      | Reached skill level 6 in Transmutations
  4796 | D:6      | Reached skill level 4 in Ice Magic
  5461 | D:6      | HP: 16/64 [wraith (8)]
  5463 | D:6      | HP: 7/64 [wraith (6)]
  5645 | D:6      | HP: 14/64 [ufetubus (3)]
  5646 | D:6      | Reached skill level 5 in Unarmed Combat
  5796 | D:7      | Noticed a two-headed ogre
  5956 | D:7      | Killed a two-headed ogre
  5957 | D:7      | Reached skill level 5 in Spellcasting
  5957 | D:7      | Reached skill level 7 in Transmutations
  5957 | D:7      | Reached skill level 5 in Ice Magic
  5957 | D:7      | Reached XP level 9. HP: 42/59 MP: 8/16
  6220 | D:7      | You pick up a book of Changes and begin reading...
  6314 | D:7      | Paralysed by a hornet for 2 turns
  6323 | D:7      | Reached skill level 6 in Ice Magic
  6326 | D:7      | HP: 17/70 [poisoned by a hornet]
  6526 | D:7      | Noticed Joseph
  6547 | D:7      | HP: 12/70 [Joseph/+1 spectral quarterstaff (8)]
  6548 | D:7      | Killed Joseph
  6868 | D:7      | Found a staircase to the Ecumenical Temple.
  6923 | D:7      | Noticed Pikel
  6949 | D:7      | Killed Pikel
  6950 | D:7      | Reached skill level 6 in Unarmed Combat
  6950 | D:7      | Reached skill level 8 in Transmutations
  6950 | D:7      | Gained mutation: You have a somewhat thin skeletal
                  | structure. (Dex +2, Stealth+) [demonic ancestry]
  6950 | D:7      | Reached XP level 10. HP: 60/65 MP: 13/18
  7274 | D:7      | Reached skill level 7 in Ice Magic
  7569 | D:8      | Reached skill level 6 in Spellcasting
  7575 | D:8      | HP: 18/78 [poisoned by a killer bee]
  7584 | D:8      | HP: 24/97 [killer bee (1)]
  7839 | D:8      | Found a shadowy altar of Dithmenos.
  7972 | D:8      | You add the spells Kindle Blastsparks, Ignite Poison and
                  | Freezing Cloud to your library.
  8057 | D:8      | Learned a level 2 spell: Blink
  8061 | D:8      | Learned a level 3 spell: Swiftness
  8064 | D:8      | Learned a level 2 spell: Passwall
  8371 | D:8      | Reached skill level 9 in Transmutations
  8484 | D:8      | Found a runed translucent door.
  8484 | D:8      | Noticed a gargoyle
  8485 | D:8      | Noticed a purple ugly thing
  8485 | D:8      | Noticed a deep elf pyromancer
  8486 | D:8      | Noticed a centaur warrior
  8568 | D:8      | Found Veyhygec's Distillery.
  8574 | D:8      | You pick up a book of Blasting and begin reading...
  8574 | D:8      | You add the spells Fulminant Prism, Iskenderun's Mystic
                  | Blast and Lee's Rapid Deconstruction to your library.
  8579 | D:8      | Noticed a two-headed ogre
  8589 | D:8      | Killed a two-headed ogre
  8868 | D:8      | Noticed Prince Ribbit
  8883 | D:8      | Killed Prince Ribbit
  8884 | D:8      | Reached skill level 7 in Unarmed Combat
  9172 | D:8      | Noticed a centaur warrior
  9174 | D:8      | Found a runed translucent door.
  9174 | D:8      | Found a runed translucent door.
  9344 | Temple   | Entered the Ecumenical Temple
  9388 | Temple   | Became a worshipper of Ru the Awakened
  9587 | D:9      | Found Cuimaj's General Store.
  9779 | D:9      | You pick up a book of Cantrips and begin reading...
 10085 | D:9      | Reached skill level 7 in Spellcasting
 10099 | D:9      | Reached skill level 10 in Transmutations
 10099 | D:9      | Gained mutation: You have a moderately thin skeletal
                  | structure. (Dex +4, Stealth++) [demonic ancestry]
 10099 | D:9      | Reached XP level 11. HP: 70/70 MP: 19/21
 10489 | D:10     | Entered Level 10 of the Dungeon
 10499 | D:9      | HP: 20/84 [troll (2)]
 10800 | D:10     | Reached skill level 8 in Unarmed Combat
 10854 | D:10     | Found a staircase to the Lair.
 11311 | D:10     | Gained mutation: You occasionally lose the ability to drink
                  | potions when taking damage. [Ru sacrifice]
 11311 | D:10     | Gained mutation: You sometimes lose the ability to drink
                  | potions when taking damage. [Ru sacrifice]
 11311 | D:10     | Reached * piety under Ru
 11352 | D:10     | Noticed a two-headed ogre
 11354 | D:10     | Found Ciaqag's Magic Scroll Shop.
 11364 | D:10     | Killed a two-headed ogre
 11365 | D:10     | Reached skill level 9 in Unarmed Combat
 11500 | D:10     | Bought a scroll of identify for 30 gold pieces
 11502 | D:10     | Bought a scroll of identify for 30 gold pieces
 11502 | D:10     | Bought a scroll of magic mapping for 112 gold pieces
 11502 | D:10     | Bought a scroll of blinking for 112 gold pieces
 11624 | D:10     | Identified the +1 leather armour "Lepag" {Rampage}
 11687 | D:10     | Found a staircase to the Orcish Mines.
 12381 | D:11     | Noticed an orange crystal statue
 12385 | D:11     | Noticed a two-headed ogre
 12385 | D:11     | Noticed a two-headed ogre
 12576 | D:11     | Noticed a two-headed ogre
 12585 | D:11     | Killed a two-headed ogre
 12586 | D:11     | Reached skill level 10 in Unarmed Combat
 12586 | D:11     | Reached skill level 2 in Fighting
 12945 | D:11     | Reached skill level 3 in Fighting
 13036 | D:11     | You pick up a book of Air and begin reading...
 13036 | D:11     | You add the spells Shock and Airstrike to your library.
 13481 | Lair:1   | Entered Level 1 of the Lair of Beasts
 13513 | Lair:1   | Reached skill level 4 in Fighting
 13552 | Lair:1   | Reached skill level 5 in Fighting
 13755 | Lair:1   | Noticed Sonja
 13819 | Lair:1   | Killed Sonja
 13820 | Lair:1   | Reached skill level 6 in Fighting
 14058 | Lair:1   | Gained mutation: When hurt, damage is shared between your
                  | health and your magic reserves. [demonic ancestry]
 14058 | Lair:1   | Reached XP level 12. HP: 89/89 MP: 19/22
 14270 | Lair:1   | Reached skill level 7 in Fighting
 14361 | Lair:1   | Identified the +0 robe "Ekoschero" {Str+4}
 14800 | Lair:2   | Identified the +1 pair of boots "Qeujupt" {Int+5}
 14815 | Lair:2   | Noticed a four-headed hydra
 14824 | Lair:2   | Killed a four-headed hydra
 14825 | Lair:2   | Reached skill level 8 in Fighting
 14894 | Lair:2   | Gained mutation: Potions are less effective at restoring
                  | your health. [Ru sacrifice]
 14894 | Lair:2   | Reached ** piety under Ru
 15007 | Lair:2   | Reached skill level 9 in Fighting
 15134 | Lair:2   | Noticed a six-headed hydra
 15141 | Lair:2   | HP: 16/115 [spore (32)]
 15364 | Lair:1   | Learned a level 7 spell: Dragon Form
 15365 | Lair:1   | Gained mutation: You have a pair of small horns on your
                  | head. [mutagenic glow]
 15379 | Lair:1   | Gained mutation: You are vulnerable to heat. (rF-)
                  | [mutagenic glow]
 15398 | Lair:1   | Gained mutation: You are frail. (-10% HP) [mutagenic glow]
 15417 | Lair:1   | Gained mutation: You sometimes lose your temper in combat.
                  | [mutagenic glow]
 15740 | Lair:1   | Lost mutation: You are vulnerable to heat. (rF-) [potion of
                  | mutation]
 15740 | Lair:1   | Lost mutation: You have a pair of small horns on your head.
                  | [potion of mutation]
 15740 | Lair:1   | Lost mutation: You are frail. (-10% HP) [potion of
                  | mutation]
 15740 | Lair:1   | Gained mutation: You do not regenerate when monsters are
                  | visible. [potion of mutation]
 15740 | Lair:1   | Gained mutation: You are strong-willed. (Will+) [potion of
                  | mutation]
 15740 | Lair:1   | Lost mutation: You do not regenerate when monsters are
                  | visible. [potion of mutation]
 15740 | Lair:1   | Gained mutation: You have large cloven feet. [potion of
                  | mutation]
 15787 | Lair:2   | Reached skill level 10 in Fighting
 16065 | Lair:2   | Killed a six-headed hydra
 16066 | Lair:2   | Reached skill level 2 in Dodging
 16426 | Lair:3   | Reached skill level 3 in Dodging
 16486 | Lair:3   | Found a staircase to the Swamp.
 16493 | Lair:3   | Reached skill level 4 in Dodging
 16500 | Lair:3   | Noticed Urug
 16522 | Lair:3   | Killed Urug
 16523 | Lair:3   | Reached skill level 5 in Dodging
 16592 | Lair:3   | You add the spells Alistair's Intoxication, Borgnjor's Vile
                  | Clutch and Eringya's Noxious Bog to your library.
 16627 | Lair:3   | Noticed a six-headed hydra
 16636 | Lair:3   | Killed a six-headed hydra
 16637 | Lair:3   | Reached skill level 6 in Dodging
 16839 | Lair:3   | Found a staircase to the Snake Pit.
 16929 | Lair:3   | Reached skill level 7 in Dodging
 16974 | Lair:3   | Noticed Josephine
 16980 | Lair:3   | Killed Josephine
 16981 | Lair:3   | Gained mutation: You are powered by pain. [demonic
                  | ancestry]
 16981 | Lair:3   | Reached XP level 13. HP: 91/103 MP: 14/23
 17176 | Lair:3   | Reached skill level 8 in Dodging
 17223 | Lair:3   | Found a hide-covered altar of Uskayaw.
 17223 | Lair:3   | Found an ornate altar of the Wu Jian Council.
 17726 | Lair:4   | You fall into a shaft and drop 1 floor!
 17726 | Lair:5   | Entered Level 5 of the Lair of Beasts
 17868 | Lair:5   | Noticed Nessos
 17885 | Lair:5   | Reached skill level 11 in Transmutations
 18568 | Lair:5   | Killed Nessos
 18574 | Lair:5   | Reached skill level 12 in Transmutations
 18769 | Lair:5   | Reached skill level 13 in Transmutations
 18874 | Lair:5   | You pick up a book of Changes and begin reading...
 19337 | Lair:5   | Gained mutation: You punish those that try to bend your
                  | will. (Will+) [demonic ancestry]
 19337 | Lair:5   | Reached XP level 14. HP: 110/110 MP: 24/24
 19418 | Lair:5   | Gained mutation: You have an uncontrollable temper.
                  | [mutagenic glow]
 19429 | Lair:5   | Gained mutation: You occasionally lose the ability to read
                  | scrolls when taking damage. [mutagenic glow]
 19460 | Lair:5   | Lost mutation: You have an uncontrollable temper. [potion
                  | of mutation]
 19460 | Lair:5   | Lost mutation: You are strong-willed. (Will+) [potion of
                  | mutation]
 19460 | Lair:5   | Lost mutation: You have large cloven feet. [potion of
                  | mutation]
 19460 | Lair:5   | Gained mutation: You expend magic power (3 MP) to
                  | strengthen your wands. [potion of mutation]
 19460 | Lair:5   | Gained mutation: You are dopey. (Int -2) [potion of
                  | mutation]
 19460 | Lair:5   | Gained mutation: You are frail. (-10% HP) [potion of
                  | mutation]
 19461 | Lair:5   | Lost mutation: You expend magic power (3 MP) to strengthen
                  | your wands. [potion of mutation]
 19461 | Lair:5   | Lost mutation: You occasionally lose the ability to read
                  | scrolls when taking damage. [potion of mutation]
 19461 | Lair:5   | Gained mutation: Your spells are a little easier to cast,
                  | but a little less powerful. [potion of mutation]
 19461 | Lair:5   | Gained mutation: You have hidden genetic defects. [potion
                  | of mutation]
 19515 | Lair:5   | Reached skill level 14 in Transmutations
 19793 | Lair:5   | Gained mutation: You are weak. (Str -2) [hidden defects]
 20043 | Lair:5   | Found a staircase to the Slime Pits.
 20239 | D:12     | Found a frozen archway.
 20255 | IceCv    | Entered an ice cave
 20285 | IceCv    | Reached skill level 15 in Transmutations
 20373 | IceCv    | You pick up a book of the Sky and begin reading...
 20373 | IceCv    | You add the spells Summon Lightning Spire, Storm Form and
                  | Maxwell's Capacitive Coupling to your library.
 20806 | IceCv    | Reached skill level 1 in Air Magic
 20916 | IceCv    | You add the spells Freeze, Summon Ice Beast and Polar
                  | Vortex to your library.
 20916 | IceCv    | Got Joxiq's Reference Book on Frostbite
 21085 | D:12     | You pick up a book of Hexes and begin reading...
 21085 | D:12     | You add the spells Inner Flame and Discord to your library.
 21195 | D:12     | Reached skill level 2 in Air Magic
 21462 | D:12     | Identified the +1 leather armour of Syaruus {MP-9 Str+4
                  | Dex+2}
 21553 | D:12     | You pick up a book of the Spheres and begin reading...
 21553 | D:12     | You add the spells Iskenderun's Battlesphere, Fireball,
                  | Conjure Ball Lightning and Orb of Destruction to your
                  | library.
 22043 | D:13     | Reached skill level 3 in Air Magic
 22049 | D:13     | Gained mutation: You are clumsy. (Dex -2) [hidden defects]
 22049 | D:13     | Lost mutation: You have hidden genetic defects. [hidden
                  | defects expressed]
 22099 | D:13     | Reached skill level 8 in Spellcasting
 22255 | D:13     | Found a bloodstained altar of Trog.
 22398 | D:13     | Reached skill level 4 in Air Magic
 22467 | D:13     | Found the +2 hood of the Assassin {Detection Stab+ Stlth++}
 22723 | D:13     | Noticed Frances
 22737 | D:13     | Found a gate to the Vaults.
 22758 | D:13     | Killed Frances
 23187 | D:14     | Reached skill level 5 in Air Magic
 23528 | D:14     | Found an opulent altar of Gozag.
 23935 | Orc:1    | Entered Level 1 of the Orcish Mines
 23962 | Orc:1    | Reached skill level 9 in Spellcasting
 24111 | Orc:1    | You pick up a book of the Earth and begin reading...
 24111 | Orc:1    | You add the spells Leda's Liquefaction and Statue Form to
                  | your library.
 24199 | Orc:1    | Found Ohumuuxko's Jewellery Boutique.
 24593 | Orc:1    | Found Yphaguc's Magic Scroll Shop.
 24596 | Orc:1    | Gained mutation: You are resistant to unholy torment.
                  | [demonic ancestry]
 24596 | Orc:1    | Reached XP level 15. HP: 103/103 MP: 25/28
 24636 | Orc:1    | Bought 3 scrolls of identify for 84 gold pieces
 24669 | Orc:1    | Found Maynuuk's Distillery.
 24723 | Orc:2    | Entered Level 2 of the Orcish Mines
 24732 | Orc:2    | Learned a level 7 spell: Storm Form
 24883 | Orc:2    | Found a staircase to the Elven Halls.
 25009 | Orc:2    | Gained mutation: You cannot train Armour skill. [Ru
                  | sacrifice]
 25009 | Orc:2    | Reached *** piety under Ru
 25045 | Orc:2    | Reached skill level 6 in Air Magic
 25098 | Orc:2    | Reached skill level 10 in Spellcasting
 25099 | Orc:2    | Reached skill level 7 in Air Magic
 25107 | Orc:2    | Paralysed by an ogre mage for 2 turns
 25116 | Orc:2    | HP: 55/231 [something (11)]
 25124 | Orc:2    | HP: 52/231 [ogre/+0 giant spiked club (2)]
 25197 | Orc:2    | Found Atsamyste's Magic Scroll Shop.
 25197 | Orc:2    | Found Iril's Antique Armour Shoppe.
 25198 | Orc:2    | Found Wauno's Book Emporium.
 25198 | Orc:2    | Found Enoroog's Antique Armour Shop.
 25205 | Orc:2    | Bought a scroll of fear for 40 gold pieces
 25705 | D:15     | Entered Level 15 of the Dungeon
 25910 | D:15     | Reached skill level 8 in Air Magic
 26018 | D:15     | Reached skill level 11 in Spellcasting
 26018 | D:15     | Found a staircase to the Depths.
 26378 | D:15     | You pick up a book of Blasting and begin reading...
 26409 | D:15     | Found Keosuif's Jewellery Emporium.
 27030 | Snake:1  | Entered Level 1 of the Snake Pit
 27043 | Snake:1  | Found a flickering gateway to a bazaar.
 27056 | Snake:1  | Reached skill level 9 in Air Magic
 27061 | Bazaar   | Entered a bazaar
 27061 | Bazaar   | Found Inogh's Magic Scroll Shoppe.
 27061 | Bazaar   | Found Doeqoes's Antique Weapon Shoppe.
 27069 | Bazaar   | Found Wotuomiops's Assorted Antiques.
 27069 | Bazaar   | Found Cyikan's Distillery.
 27076 | Bazaar   | Bought a scroll of teleportation for 21 gold pieces
 27096 | Bazaar   | Bought a scroll of blinking for 52 gold pieces
 27312 | Snake:1  | Noticed Ciageutz's ghost (journeyman GnHW)
 27325 | Snake:1  | Found a runed translucent gate.
 27326 | Snake:1  | Found a runed translucent gate.
 27327 | Snake:1  | Noticed a nagaraja
 27331 | Snake:1  | Found a runed translucent gate.
 27866 | Snake:2  | Noticed Vashnia
 27923 | Snake:2  | Killed Vashnia
 27929 | Snake:2  | HP: 22/103 [naga sharpshooter/arrow[Vashnia] (12)]
 27932 | Snake:2  | HP: 2/98 [naga sharpshooter/arrow[Vashnia] (15)]
 27933 | Snake:2  | Gained mutation: You occasionally lose the ability to read
                  | scrolls when taking damage. [mutagenic glow]
 28064 | Snake:2  | Reached XP level 16. HP: 107/107 MP: 25/31
 28132 | Snake:2  | Gained mutation: You cannot study or cast Fire magic. [Ru
                  | sacrifice]
 28132 | Snake:2  | Gained mutation: You cannot study or cast Hexes magic. [Ru
                  | sacrifice]
 28132 | Snake:2  | Gained mutation: You cannot study or cast Summoning magic.
                  | [Ru sacrifice]
 28132 | Snake:2  | Reached **** piety under Ru
 28141 | Snake:2  | Reached skill level 12 in Spellcasting
 28275 | Snake:2  | Gained mutation: Potions cannot restore your health.
                  | [mutagenic glow]
 28307 | Snake:2  | Gained mutation: You are very clumsy. (Dex -4) [mutagenic
                  | glow]
 28346 | Snake:2  | Lost mutation: Your spells are a little easier to cast, but
                  | a little less powerful. [potion of mutation]
 28346 | Snake:2  | Lost mutation: Potions cannot restore your health. [potion
                  | of mutation]
 28346 | Snake:2  | Lost mutation: You are weak. (Str -2) [potion of mutation]
 28347 | Snake:2  | Lost mutation: You are very clumsy. (Dex -4) [potion of
                  | mutation]
 28347 | Snake:2  | Lost mutation: You are dopey. (Int -2) [potion of mutation]
 28347 | Snake:2  | Gained mutation: You are very frail. (-20% HP) [potion of
                  | mutation]
 28348 | Snake:2  | Lost mutation: You are very frail. (-20% HP) [potion of
                  | mutation]
 28348 | Snake:2  | Lost mutation: You occasionally lose the ability to read
                  | scrolls when taking damage. [potion of mutation]
 28348 | Snake:2  | Gained mutation: Your spells are a little harder to cast,
                  | but a little more powerful. [potion of mutation]
 28348 | Snake:2  | Gained mutation: You have sharp toenails. [potion of
                  | mutation]
 28361 | Snake:2  | Reached skill level 10 in Air Magic
 28362 | Snake:2  | Gained mutation: You are weak. (Str -2) [mutagenic glow]
 28451 | Snake:2  | Noticed Aizul
 28500 | Snake:2  | Killed Aizul
 28746 | Snake:2  | Found Carieloq's Jewellery Shop.
 28747 | Snake:2  | Found Engejod's Book Emporium.
 28747 | Snake:2  | Found Teirihet's Book Emporium.
 29029 | Snake:2  | Reached skill level 11 in Air Magic
 29158 | Snake:2  | Noticed Azrael
 29178 | Snake:2  | Killed Azrael
 29224 | Snake:2  | Noticed Louise
 29236 | Snake:2  | Killed Louise
 30107 | Snake:3  | Learned a level 6 spell: Statue Form
 30128 | Snake:3  | Reached skill level 12 in Air Magic
 30252 | Snake:3  | Found a bloodstained altar of Trog.
 30490 | Snake:3  | Reached skill level 13 in Air Magic
 30647 | Snake:3  | Reached skill level 14 in Air Magic
 30720 | Snake:3  | You pick up a book of the Spheres and begin reading...
 31017 | Snake:4  | Entered Level 4 of the Snake Pit
 31035 | Snake:4  | Reached XP level 17. HP: 115/115 MP: 27/33
 31252 | Snake:4  | Reached skill level 15 in Air Magic
 31374 | Snake:4  | You pick up a book of Winter and begin reading...
 31374 | Snake:4  | You add the spells Ozocubu's Armour and Simulacrum to your
                  | library.
 31457 | Snake:4  | Identified the +1 robe "Ketsi" {+Inv}
 31482 | Snake:4  | Noticed a quicksilver dragon
 31485 | Snake:4  | Noticed a quicksilver dragon
 31494 | Snake:4  | Killed a quicksilver dragon
 31501 | Snake:4  | Noticed Mara
 31577 | Snake:4  | Noticed kae's illusion
 31585 | Snake:4  | Killed Mara
 31586 | Snake:4  | Reached skill level 16 in Air Magic
 31739 | Snake:4  | Killed a quicksilver dragon
 31869 | Snake:4  | Got a serpentine rune of Zot
 32363 | Swamp:1  | Entered Level 1 of the Swamp
 32998 | Swamp:2  | Noticed Jorgrun
 33002 | Swamp:2  | Reached skill level 17 in Air Magic
 33007 | Swamp:2  | Killed Jorgrun
 33354 | Swamp:2  | Identified a scroll of acquirement
 33355 | Swamp:2  | Acquired 878 gold pieces
 33651 | Swamp:3  | Acquired a +0 pair of boots of stealth
 34219 | Swamp:3  | You pick up a book of Power and begin reading...
 34407 | Swamp:4  | Entered Level 4 of the Swamp
 34416 | Swamp:4  | Reached skill level 16 in Transmutations
 34427 | Swamp:4  | Reached XP level 18. HP: 120/120 MP: 24/34
 34571 | Swamp:4  | Identified the +9 falchion "Conservator" {freeze, Str+4}
 34718 | Swamp:4  | HP: 33/180 [ice dragon] (20)]
 34720 | Swamp:4  | Killed from afar by an ice dragon

Vanquished Creatures
  Mara (Snake:4)
  Vashnia (Snake:2)
  Jorgrun (Swamp:2)
  2 quicksilver dragons (Snake:4)
  Frances (D:13)
  6 nagarajas
  A fenstrider witch (Swamp:4)
  Aizul (Snake:2)
  Louise (Snake:2)
  A very ugly thing (D:15)
  2 green draconians (Swamp:3)
  Nessos (Lair:5)
  4 eleionomae
  Azrael (Snake:2)
  4 bunyips
  Josephine (Lair:3)
  An ettin (shapeshifter) (D:15)
  4 salamander tyrants
  A ghost crab (Swamp:3)
  5 anacondas
  2 rakshasas
  13 hydras
  4 centaur warriors
  5 ogre magi
  2 boulder beetles (D:14)
  4 catoblepae
  24 two-headed ogres
  7 death yaks (Lair:5)
  11 alligators
  12 naga warriors
  7 shock serpents
  14 naga sharpshooters
  Urug (Lair:3)
  Sonja (Lair:1)
  4 salamander mystics
  3 goliath frogs
  4 sea snakes
  A spriggan druid (Swamp:4)
  3 swamp dragons
  6 naga ritualists
  A glowing orange brain (D:15)
  6 bog bodies
  An orb spider (shapeshifter) (D:15)
  A lindwurm (Lair:3)
  13 mana vipers
  Pikel (D:7)
  A necromancer (D:13)
  3 orc sorcerers (Orc:1)
  A harpy (shapeshifter) (D:14)
  7 ugly things (D:15)
  12 salamanders
  4 will-o-the-wisps
  2 oklob plants (Lair:5)
  7 cyclopes
  2 slime creatures (D:15)
  30 black mambas
  3 manticores
  Joseph (D:7)
  2 unseen horrors
  An ice statue (IceCv)
  7 guardian serpents
  21 naga magi
  11 elephants (Lair:5)
  A gargoyle (D:12)
  10 cane toads
  A kobold demonologist (D:10)
  6 rime drakes
  5 freezing wraiths
  A tengu conjurer (D:15)
  8 komodo dragons
  A queen bee (Lair:2)
  3 meliai (D:13)
  4 trolls
  7 tyrant leeches
  9 hornets
  Prince Ribbit (D:8)
  16 blink frogs
  A shadow (D:11)
  2 water elementals (D:14)
  A human (D:7)
  8 wraiths
  67 yaks
  5 spriggans
  4 wyverns
  3 hogs (D:7)
  2 basilisks
  3 fire elementals (Snake:2)
  A hog (shapeshifter) (D:15)
  2 steam dragons
  2 death yak simulacra (IceCv)
  19 vampire mosquitoes
  5 swamp worm simulacra (Swamp:4)
  A harpy simulacrum (IceCv)
  5 acid dragons
  52 nagas
  2 wargs (Orc:1)
  12 swamp worms
  2 hell hounds (Snake:2)
  13 water moccasins
  6 hydra simulacra
  14 orc warriors
  3 swamp drakes (Swamp:3)
  A sky beast (D:8)
  An ice beast (D:5)
  21 wolves
  8 centaurs
  31 ogres
  3 lemures (D:7)
  2 phantoms
  3 kobold brigands
  6 two-headed ogre simulacra (IceCv)
  11 bullfrogs
  4 scorpions
  A gnoll sergeant (D:7)
  A necrophage (D:5)
  A cane toad simulacrum (IceCv)
  9 wights
  A hornet simulacrum (D:15)
  29 killer bees
  7 howler monkeys
  8 electric eels
  8 hounds
  2 jellies
  10 orc priests
  4 iguanas
  3 polar bear simulacra (IceCv)
  20 orc wizards
  2 spriggan simulacra (IceCv)
  6 troll simulacra (IceCv)
  3 wolf simulacra (IceCv)
  4 gnolls
  3 adders
  4 naga simulacra (IceCv)
  A shadow imp (D:7)
  8 white imps
  8 ufetubi
  3 swamp drake simulacra (Swamp:4)
  4 worms
  2 dart slugs (D:5)
  54 orcs
  6 ball pythons
  4 endoplasms
  8 giant cockroaches
  8 goblins
  7 hobgoblins
  3 jackals (D:1)
  7 quokkas
  3 bats
  3 frilled lizards
  12 kobolds
  10 rats
982 creatures vanquished.

Vanquished Creatures (others)
  A nagaraja (Snake:4)
  A shambling mangrove (Swamp:2)
  A naga warrior (Snake:4)
  A wizard (D:13)
  A guardian serpent (Snake:3)
  A tyrant leech (Swamp:2)
  A bloated husk (Swamp:2)
  A yak (Lair:5)
  A hydra simulacrum (Swamp:4)
  An ogre (Orc:2)
  An orc wizard (Orc:1)
  A troll simulacrum (IceCv)
  An orc (Orc:1)
  12 foxfires
  26 fungi
  39 plants
90 creatures vanquished.

Grand Total: 1072 creatures vanquished

Table legend:
 A = Non-vault XP
 B = Vault XP
 C = Vault XP percentage of total XP
 D = Non-vault monster count
 E = Vault monster count
 F = Vault count percentage of total count
                 A         B        C        D         E       F
            +---------+---------+-------+---------+---------+-------
      Total |  191330 |  110901 |  36.7 |     666 |     321 |  32.5
            +---------+---------+-------+---------+---------+-------
        D:1 |      46 |       0 |   0.0 |      26 |       0 |   0.0
        D:2 |      83 |       0 |   0.0 |      20 |       0 |   0.0
        D:3 |      28 |       0 |   0.0 |      16 |       0 |   0.0
        D:4 |     250 |     176 |  41.3 |       7 |       5 |  41.7
        D:5 |     406 |       0 |   0.0 |       7 |       0 |   0.0
        D:6 |    1476 |       0 |   0.0 |      20 |       0 |   0.0
        D:7 |    1831 |    2082 |  53.2 |      16 |       7 |  30.4
        D:8 |    1577 |    1632 |  50.9 |      16 |      14 |  46.7
        D:9 |    1968 |     377 |  16.1 |      16 |      25 |  61.0
       D:10 |    2670 |     751 |  22.0 |      21 |       8 |  27.6
       D:11 |    2146 |       0 |   0.0 |      13 |       0 |   0.0
       D:12 |    3296 |     737 |  18.3 |      13 |       2 |  13.3
       D:13 |    7424 |    3129 |  29.7 |      18 |       9 |  33.3
       D:14 |    3806 |       0 |   0.0 |      10 |       0 |   0.0
       D:15 |    9603 |    6097 |  38.8 |      22 |       9 |  29.0
     Lair:1 |    5417 |     914 |  14.4 |      23 |       4 |  14.8
     Lair:2 |    4528 |    1637 |  26.6 |      15 |      22 |  59.5
     Lair:3 |    6498 |    4016 |  38.2 |      26 |       9 |  25.7
     Lair:4 |    6862 |     536 |   7.2 |      28 |       2 |   6.7
     Lair:5 |   15167 |   13875 |  47.8 |      50 |      27 |  35.1
    Swamp:1 |    9186 |       0 |   0.0 |      24 |       0 |   0.0
    Swamp:2 |   12208 |    1904 |  13.5 |      26 |       1 |   3.7
    Swamp:3 |    7794 |    4681 |  37.5 |      13 |       8 |  38.1
    Swamp:4 |   10303 |    3111 |  23.2 |      17 |      18 |  51.4
    Snake:1 |    6087 |       0 |   0.0 |      14 |       0 |   0.0
    Snake:2 |   20121 |   10753 |  34.8 |      43 |      16 |  27.1
    Snake:3 |   28478 |    9953 |  25.9 |      65 |      19 |  22.6
    Snake:4 |   16108 |   21520 |  57.2 |      33 |      23 |  41.1
      Orc:1 |    3815 |     352 |   8.4 |      39 |       9 |  18.8
      Orc:2 |    2148 |   19020 |  89.9 |       9 |      40 |  81.6
      IceCv |       0 |    3648 | 100.0 |       0 |      44 | 100.0
            +---------+---------+-------+---------+---------+-------

Illustrated notes

Table legend:
 A = Kills in this place as a percentage of kills in entire the game.
 B = Kills by you in this place as a percentage of kills by you in the entire game.
 C = Kills by friends in this place as a percentage of kills by friends in the entire game.
 D = Other kills in this place as a percentage of other kills in the entire game.
 E = Experience gained in this place as a percentage of experience gained in the entire game.
 F = Experience gained in this place divided by the number of levels of this place that you have seen.
                   A       B       C       D       E      F
               +-------+-------+-------+-------+-------+----------------------
         Total | 100.0 | 100.0 |   N/A | 100.0 | 100.0 | 9158.5
       Dungeon |  32.4 |  32.6 |   N/A |  12.5 |  17.1 | 3439.4
          Lair |  20.9 |  20.9 |   N/A |  12.5 |  19.7 | 11890.0
         Swamp |  10.8 |  10.6 |   N/A |  37.5 |  16.3 | 12296.8
     Snake Pit |  21.6 |  21.5 |   N/A |  37.5 |  37.4 | 28255.0
  Orcish Mines |   9.8 |   9.9 |   N/A |   0.0 |   8.4 | 12667.5
      Ice Cave |   4.5 |   4.5 |   N/A |   0.0 |   1.2 | 3648.0
               +-------+-------+-------+-------+-------+----------------------

Table legend: (Time is in decaauts)
 A = Elapsed time spent in this place.
 B = Non-inter-level travel time spent in this place.
 C = Inter-level travel time spent in this place.
 D = Time resting spent in this place.
 E = Time spent auto-exploring this place.
 F = Levels seen in this place.
 G = Mean time per level.
                   A        B        C        D        E       F      G
               +--------+--------+--------+--------+--------+-----+--------+
         Total |  34969 |  32697 |   2272 |   3718 |  22465 |  33 | 1059.7 |
       Dungeon |  17773 |  16319 |   1454 |   1766 |  11884 |  15 | 1184.9 |
        Temple |     62 |     45 |     17 |      0 |     18 |   1 |   62.0 |
          Lair |   6986 |   6534 |    452 |    947 |   4147 |   5 | 1397.2 |
         Swamp |   2441 |   2371 |     70 |    234 |   1562 |   4 |  610.2 |
     Snake Pit |   5214 |   5003 |    211 |    636 |   3193 |   4 | 1303.5 |
  Orcish Mines |   1675 |   1609 |     66 |     39 |   1269 |   2 |  837.5 |
        Bazaar |     43 |     43 |      0 |      2 |     20 |   1 |   43.0 |
      Ice Cave |    772 |    772 |      0 |     91 |    370 |   1 |  772.0 |
               +--------+--------+--------+--------+--------+-----+--------+

Top non-repeatable levels by time:
 Snake:2: 2292 daAuts
    D:10: 1992 daAuts
     D:8: 1936 daAuts
     D:6: 1930 daAuts
  Lair:1: 1908 daAuts
  Lair:5: 1767 daAuts
     D:7: 1579 daAuts
    D:11: 1413 daAuts
    D:13: 1362 daAuts
  Lair:3: 1211 daAuts
  Lair:2: 1191 daAuts
    D:15: 1154 daAuts
 Snake:4: 1112 daAuts
     D:5: 1022 daAuts
     D:4: 1009 daAuts
